MLB
LOS ANGELES DODGERS @ MIAMI MARLINS
05/15/2018
 
TOP OF THE 1ST
Los Angeles Dodgers batting - Pitching for Miami Marlins : RHP Luis M. Castillo
Pitching: RHP Luis M. Castillo
Batting: RHB Mookie Betts 0-0: Called Strike
0-1: Fly out, F4 (Popup, 34S)
Batting: RHB Jose Peraza 0-0: Ball
1-0: Ball
2-0: Ground out 6-3 (Groundball, 6)
Batting: RHB Josh Donaldson 0-0: Called Strike
0-1: Foul Ball, location: 2F
0-2: Ball
1-2: Ball
2-2: Ball
3-2: Ground out 4-3 (Groundball, 4)
Top of the 1st over - 0 runs, 0 hits, 0 errors, 0 left on base; Los Angeles 0 - Miami 0
BOTTOM OF THE 1ST
Miami Marlins batting - Pitching for Los Angeles Dodgers : RHP Chris Archer
Pitching: RHP Chris Archer
Batting: LHB Adam Frazier 0-0: Called Strike
0-1: Ball
1-1: Ball
2-1: Ball
3-1: Base on Balls
Batting: LHB Max Kepler 0-0: Ball
1-0: Swinging Strike
1-1: Ball
2-1: Swinging Strike
2-2: Fly out, F7 (Flyball, 7D)
Batting: SHB Francisco Lindor 0-0: Ball
1-0: SINGLE (Flyball, 7LS)
Adam Frazier to second
Batting: RHB Ian Desmond 0-0: Ball
1-0: Called Strike
1-1: SINGLE (Groundball, 4MD)
Adam Frazier to third
Francisco Lindor to second
Runner from 3rd tries for Home, SAFE, throw made home
Batting: LHB Alex Gordon 0-0: Swinging Strike
0-1: Ball
1-1: Foul Ball, location: 2F
1-2: Foul Ball, location: 2F
1-2: Ball
2-2: Foul Ball, location: 2F
2-2: Foul Ball, location: 2F
2-2: Foul Ball, location: 2F
2-2: SINGLE (Line Drive, 4D)
Francisco Lindor to third
Ian Desmond to second
Batting: RHB Danny Valencia 0-0: Called Strike
0-1: Ball
1-1: SINGLE (Groundball, 6MD)
Francisco Lindor scores
Ian Desmond to third
Alex Gordon to second
Runner from 3rd tries for Home, SAFE, no throw
Batting: LHB Ryan Flaherty 0-0: Called Strike
0-1: Ball
1-1: Ball
2-1: Ball
3-1: Called Strike
3-2: Strikes out swinging
Batting: RHB Francisco Pena 0-0: Ball
1-0: Ball
2-0: SINGLE (Groundball, 6MD)
Alex Gordon to third
Danny Valencia to second
Runner from 3rd tries for Home, SAFE, no throw
Batting: RHB Luis M. Castillo 0-0: Fly out, F8 (Flyball, 8LD)
Bottom of the 1st over - 4 runs, 5 hits, 0 errors, 2 left on base; Los Angeles 0 - Miami 4
TOP OF THE 2ND
Los Angeles Dodgers batting - Pitching for Miami Marlins : RHP Luis M. Castillo
Batting: RHB Randal Grichuk 0-0: Ball
1-0: Fly out, F7 (Line Drive, 7)
Batting: RHB Jonathan Schoop 0-0: Ball
1-0: Ball
2-0: Swinging Strike
2-1: Ground out 1-3 (Groundball, 23)
Batting: LHB Brian Goodwin 0-0: Called Strike
0-1: Ball
1-1: Foul Ball, location: 2F
1-2: Foul Ball, location: 2F
1-2: Strikes out swinging
Top of the 2nd over - 0 runs, 0 hits, 0 errors, 0 left on base; Los Angeles 0 - Miami 4
BOTTOM OF THE 2ND
Miami Marlins batting - Pitching for Los Angeles Dodgers : RHP Chris Archer
Batting: LHB Adam Frazier 0-0: Ball
1-0: Called Strike
1-1: Ground out 5-3 (Groundball, 5)
Batting: LHB Max Kepler 0-0: Foul Ball, location: 2F
0-1: Called Strike
0-2: Ball
1-2: Ball
2-2: Fly out, F4 (Popup, 4D)
Batting: SHB Francisco Lindor 0-0: Ball
1-0: Ball
2-0: Ball
3-0: Base on Balls
Batting: RHB Ian Desmond 0-0: Ball
1-0: Called Strike
1-1: Foul Ball, location: 2F
1-2: Strikes out looking
Bottom of the 2nd over - 0 runs, 0 hits, 0 errors, 1 left on base; Los Angeles 0 - Miami 4
TOP OF THE 3RD
Los Angeles Dodgers batting - Pitching for Miami Marlins : RHP Luis M. Castillo
Batting: RHB Sam Travis 0-0: Ground out 6-3 (Groundball, 6)
Batting: RHB Evan Gattis 0-0: Swinging Strike
0-1: Fly out, F8 (Line Drive, 8LM)
Batting: RHB Chris Archer 0-0: Called Strike
0-1: Ball
1-1: Foul Ball, location: 2F
1-2: Strikes out swinging
Top of the 3rd over - 0 runs, 0 hits, 0 errors, 0 left on base; Los Angeles 0 - Miami 4
BOTTOM OF THE 3RD
Miami Marlins batting - Pitching for Los Angeles Dodgers : RHP Chris Archer
Batting: LHB Alex Gordon 0-0: Called Strike
0-1: Swinging Strike
0-2: Strikes out swinging
Batting: RHB Danny Valencia 0-0: Called Strike
0-1: SINGLE (Groundball, 56D)
Batting: LHB Ryan Flaherty 0-0: Ball
1-0: Foul Ball, location: 2F
1-1: Called Strike
1-2: Foul Ball, location: 2F
1-2: Grounds into double play, 1-6-3 (Groundball, 13)
Bottom of the 3rd over - 0 runs, 1 hit, 0 errors, 0 left on base; Los Angeles 0 - Miami 4
TOP OF THE 4TH
Los Angeles Dodgers batting - Pitching for Miami Marlins : RHP Luis M. Castillo
Batting: RHB Mookie Betts 0-0: Foul Ball, location: 2F
0-1: Ball
1-1: Ball
2-1: Ball
3-1: Fly out, F8 (Flyball, 78M)
Batting: RHB Jose Peraza 0-0: Called Strike
0-1: Ground out 5-3 (Groundball, 5S)
Batting: RHB Josh Donaldson 0-0: Swinging Strike
0-1: Ball
1-1: Swinging Strike
1-2: Ball
2-2: Strikes out looking
Top of the 4th over - 0 runs, 0 hits, 0 errors, 0 left on base; Los Angeles 0 - Miami 4
BOTTOM OF THE 4TH
Miami Marlins batting - Pitching for Los Angeles Dodgers : RHP Chris Archer
Batting: RHB Francisco Pena 0-0: Called Strike
0-1: Foul Ball, location: 2F
0-2: Foul Ball, location: 2F
0-2: Ball
1-2: Ball
2-2: Foul Ball, location: 2F
2-2: Strikes out looking
Batting: RHB Luis M. Castillo 0-0: Ball
1-0: Swinging Strike
1-1: Swinging Strike
1-2: Ball
2-2: Foul Ball, location: 2F
2-2: Ground out 6-3 (Groundball, 6)
Batting: LHB Adam Frazier 0-0: Ground out 6-3 (Groundball, 6S)
Bottom of the 4th over - 0 runs, 0 hits, 0 errors, 0 left on base; Los Angeles 0 - Miami 4
TOP OF THE 5TH
Los Angeles Dodgers batting - Pitching for Miami Marlins : RHP Luis M. Castillo
Batting: RHB Randal Grichuk 0-0: Ground out 4-3 (Groundball, 4)
Batting: RHB Jonathan Schoop 0-0: Foul Ball, location: 2F
0-1: Ground out 6-3 (Groundball, 6)
Batting: LHB Brian Goodwin 0-0: Called Strike
0-1: Foul Ball, location: 2F
0-2: Foul Ball, location: 2F
0-2: Strikes out looking
Top of the 5th over - 0 runs, 0 hits, 0 errors, 0 left on base; Los Angeles 0 - Miami 4
BOTTOM OF THE 5TH
Miami Marlins batting - Pitching for Los Angeles Dodgers : RHP Chris Archer
Pitching: RHP Phil Maton
Batting: LHB Max Kepler 0-0: Ball
1-0: Called Strike
1-1: Foul Ball, location: 2F
1-2: Ball
2-2: Ball
3-2: Strikes out swinging
Batting: SHB Francisco Lindor 0-0: Foul Ball, location: 2F
0-1: Ball
1-1: Foul Ball, location: 2F
1-2: SOLO HOME RUN (Line Drive, 9LD), Distance : 346 ft
Batting: RHB Ian Desmond 0-0: Called Strike
0-1: Ground out 6-3 (Groundball, 6)
Batting: LHB Alex Gordon 0-0: Foul Ball, location: 2F
0-1: Fly out, F7 (Flyball, 7LDF)
Bottom of the 5th over - 1 run, 1 hit, 0 errors, 0 left on base; Los Angeles 0 - Miami 5
TOP OF THE 6TH
Los Angeles Dodgers batting - Pitching for Miami Marlins : RHP Luis M. Castillo
Batting: RHB Sam Travis 0-0: Ball
1-0: Foul Ball, location: 2F
1-1: Swinging Strike
1-2: Strikes out swinging
Batting: RHB Evan Gattis 0-0: Called Strike
0-1: Foul Ball, location: 2F
0-2: Ground out 5-3 (Groundball, 56)
Pinch Hitting: LHB Brett Gardner 0-0: Foul Ball, location: 2F
0-1: Ball
1-1: Ball
2-1: Ground out 5-3 (Groundball, 5)
Top of the 6th over - 0 runs, 0 hits, 0 errors, 0 left on base; Los Angeles 0 - Miami 5
BOTTOM OF THE 6TH
Miami Marlins batting - Pitching for Los Angeles Dodgers : RHP Phil Maton
Pitching: RHP Scott Oberg
Batting: RHB Danny Valencia 0-0: Ball
1-0: Ball
2-0: Called Strike
2-1: Called Strike
2-2: Foul Ball, location: 2F
2-2: Strikes out swinging
Batting: LHB Ryan Flaherty 0-0: Called Strike
0-1: Ball
1-1: Swinging Strike
1-2: Foul Ball, location: 2F
1-2: Hit by Pitch
Batting: RHB Francisco Pena 0-0: Ball
1-0: Called Strike
1-1: Ball
Throwing error on steal attempt, E2
Ryan Flaherty to third
2-1: Foul Ball, location: 2F
2-2: Ball
3-2: Strikes out looking
Batting: RHB Luis M. Castillo 0-0: Ball
1-0: Ball
2-0: Called Strike
2-1: Called Strike
2-2: Foul Ball, location: 2F
2-2: Foul Ball, location: 2F
2-2: Ball
3-2: Strikes out swinging
Bottom of the 6th over - 0 runs, 0 hits, 1 error, 1 left on base; Los Angeles 0 - Miami 5
TOP OF THE 7TH
Los Angeles Dodgers batting - Pitching for Miami Marlins : RHP Luis M. Castillo
Batting: RHB Mookie Betts 0-0: Called Strike
0-1: Ground out 5-3 (Groundball, 5S)
Batting: RHB Jose Peraza 0-0: Ball
1-0: Fly out, F9 (Line Drive, 9)
Batting: RHB Josh Donaldson 0-0: Called Strike
0-1: Ball
1-1: Swinging Strike
1-2: Strikes out swinging
Top of the 7th over - 0 runs, 0 hits, 0 errors, 0 left on base; Los Angeles 0 - Miami 5
BOTTOM OF THE 7TH
Miami Marlins batting - Pitching for Los Angeles Dodgers : RHP Scott Oberg
Batting: LHB Adam Frazier 0-0: Foul Ball, location: 2F
0-1: Ball
1-1: Ball
2-1: Ground out 5-3 (Groundball, 56)
Batting: LHB Max Kepler 0-0: Ground out 6-3 (Groundball, 4M)
Batting: SHB Francisco Lindor 0-0: Foul Ball, location: 2F
0-1: Ground out U3 (Groundball, 3)
Bottom of the 7th over - 0 runs, 0 hits, 0 errors, 0 left on base; Los Angeles 0 - Miami 5
TOP OF THE 8TH
Los Angeles Dodgers batting - Pitching for Miami Marlins : RHP Luis M. Castillo
Batting: RHB Randal Grichuk 0-0: Called Strike
0-1: Ground out 6-3 (Groundball, 6D)
Batting: RHB Jonathan Schoop 0-0: Ball
1-0: Ball
2-0: Foul Ball, location: 2F
2-1: Ball
3-1: Swinging Strike
3-2: Strikes out looking
Batting: LHB Brian Goodwin 0-0: Ground out 6-3 (Groundball, 6D)
Top of the 8th over - 0 runs, 0 hits, 0 errors, 0 left on base; Los Angeles 0 - Miami 5
BOTTOM OF THE 8TH
Miami Marlins batting - Pitching for Los Angeles Dodgers : RHP Scott Oberg
Batting: RHB Ian Desmond 0-0: Fly out, F8 (Flyball, 8RXD)
Batting: LHB Alex Gordon 0-0: SINGLE (Line Drive, 34)
Pitching: RHP Jacob Barnes
Batting: RHB Danny Valencia 0-0: Called Strike
0-1: Foul Ball, location: 2F
0-2: Foul Ball, location: 2F
0-2: Fly out, F7 (Flyball, 7LMF)
Batting: LHB Ryan Flaherty 0-0: Ball
1-0: Called Strike
1-1: Foul Ball, location: 2F
1-2: Ground out 3-1 (Groundball, 34S)
Bottom of the 8th over - 0 runs, 1 hit, 0 errors, 1 left on base; Los Angeles 0 - Miami 5
TOP OF THE 9TH
Los Angeles Dodgers batting - Pitching for Miami Marlins : RHP Luis M. Castillo
Batting: RHB Sam Travis 0-0: Ball
1-0: Ball
2-0: Called Strike
2-1: Foul Ball, location: 2F
2-2: Fly out, F6 (Popup, P)
Batting: RHB Evan Gattis 0-0: Called Strike
0-1: SOLO HOME RUN (Flyball, 9LD), Distance : 342 ft
Pinch Hitting: LHB Ichiro Suzuki 0-0: Ball
1-0: Foul Ball, location: 2F
1-1: Ball
2-1: Swinging Strike
2-2: Strikes out swinging
Batting: RHB Mookie Betts 0-0: Ball
1-0: Swinging Strike
1-1: Fly out, F4 (Popup, 3D)
Top of the 9th over - 1 run, 1 hit, 0 errors, 0 left on base; Los Angeles 1 - Miami 5
Thursday, July 12th, 2018 - OOTP Baseball 19.7 Build 59